 Dungeon Crawl Stone Soup version 0.26.1-11-gd32895ea62 (webtiles) character file.

Game seed: 10899599066611345938

25 Zeld the Insei (level 3, -3/23 HPs)
             Began as an Octopode Transmuter on May 27, 2021.
             Killed by divine providence
             ... invoked by an orc priest
              (16 damage)
             ... on level 3 of the Dungeon.
             The game lasted 00:00:55 (901 turns).

Zeld the Insei (Octopode Transmuter)                 Turns: 901, Time: 00:00:56

Health: -3/23      AC:  1    Str: 10    XL:     3   Next: 4%
Magic:  6/6        EV: 13    Int: 15    God:
Gold:   49         SH:  0    Dex: 12    Spells: 0/6 levels left

rFire    . . .     SeeInvis .     - Unarmed
rCold    . . .     Faith    .   (no shield)
rNeg     . . .     Spirit   .   (helmet restricted)
rPois    .         Reflect  .   (no amulet)
rElec    .         Harm     .   (no ring)
rCorr    .         Rampage  .   (no ring)
Will     .....                  (no ring)
Stlth    ++........             (no ring)
HPRegen  0.07/turn              (no ring)
MPRegen  0.10/turn              (no ring)
                                (no ring)
                                (no ring)

@: no status effects
A: almost no armour, stealthy swim, amphibious, 8 rings, constrict 8, camouflage
1, gelatinous body 1
a: no special abilities


You were on level 3 of the Dungeon.
You visited 1 branch of the dungeon, and saw 3 of its levels.

You collected 49 gold pieces.

Inventory:

Jewellery
 d - a +4 ring of protection {unknown}
Scrolls
 a - a scroll of teleportation {unknown}
Potions
 b - a potion of curing {unknown}
 c - a potion of berserk rage {unknown}


   Skills:
 + Level 1.4 Fighting
 + Level 2.3 Dodging
 - Level 3.0 Unarmed Combat
 * Level 2.4 Spellcasting
 * Level 2.4 Transmutations


You couldn't memorise any spells.
You knew the following spells:

 Your Spells              Type           Power        Failure   Level
a - Beastly Appendage     Tmut           18%          8%          1
b - Wereblood             Tmut           9%           12%         2
c - Spider Form           Tmut/Pois      2%           36%         3

Your spell library contained the following spells:

 Spells                   Type           Power        Failure   Level
 Ice Form                 Ice/Tmut       5%           77%         4
 Blade Hands              Tmut           4%           91%         5


Dungeon Overview and Level Annotations

Branches:
Dungeon (3/15)

Altars:


Innate Abilities, Weirdness & Mutations

You cannot wear most types of armour.
You are very stealthy in the water. (Stealth+)
You are amphibious.
You can wear up to eight rings at the same time.
You can use your tentacles to constrict eight enemies at once.
Your skin changes colour to match your surroundings (Stealth+).
Your rubbery body absorbs attacks. (AC +1, EV +1)


Message History

This spell is extremely dangerous to cast!
Memorise Spider Form, consuming 3 spell levels and leaving 0?
You start memorising the spell.
You continue memorising. x3
You finish memorising.
Spell assigned to 'c'.
You start resting.
An orc comes into view. It is wielding a -1 flail.
An orc is nearby!
An orc is nearby!
An orc is nearby!
As you open the door, it creaks loudly!
The orc shouts!
You hear a shout!
The worm misses you.
There is an open door here.
An orc priest comes into view.
An orc comes into view.
You open the door.
A goblin comes into view. It is wielding a +0 dagger.
The orc priest mumbles some strange prayers to Beogh against you.
Beogh smites you!
Ouch! That really hurt!
You die...

# #..### ##.....## #
#..#.## ##.......##
###.....####..>.<....###
...........'........o'.
###.....####.......o.#
.....#.## ##w......#
#.....## ##.....##
#.....# ##.o.## #......
##@## #......# #.#
#......! #.# #.# ..g ...
... ##.##


You could see a worm, an orc priest, 2 orcs and a goblin (asleep).

Vanquished Creatures
  2 dart slugs (D:1)
  A leopard gecko (D:3)
  A giant cockroach (D:1)
  3 goblins
  4 hobgoblins (D:1)
  3 kobolds (D:1)
  2 bats (D:2)
  2 frilled lizards (D:1)
18 creatures vanquished.

Notes
Turn   | Place    | Note
-------+----------+-------------------------------------------
     0 | D:1      | Zeld the Octopode Transmuter began the quest for the Orb.
     0 | D:1      | Reached XP level 1. HP: 13/13 MP: 3/3
    95 | D:1      | Reached XP level 2. HP: 18/18 MP: 3/5
   144 | D:1      | Learned a level 2 spell: Wereblood
   821 | D:3      | Noticed an ice beast
   833 | D:3      | Reached XP level 3. HP: 23/23 MP: 6/6
   865 | D:3      | Learned a level 3 spell: Spider Form
   901 | D:3      | Killed from afar by an orc priest

Illustrated notes

Levels and vault maps discovered:
D:1:      eino_arrival_water_star, layout_basic
D:2:      layout_basic
D:3:      layout_loops_corners, tso_oasis_becter, minmay_misc_feat_enclosed,
          kennysheep_generic_room_12

Action                   || total
-------------------------++-------
Melee: Unarmed           ||    37
       Constrict         ||    11
       Kick              ||     8
       Tentacles         ||     6
       Punch             ||     1
 Cast: Beastly Appendage ||    13
 Stab: Sleeping          ||     2
Armor: Skin              ||     3
Dodge: Dodged            ||    20
